AoeStats
← Gandalf

Four Lakes

510117947Analyzed
1v1 RM · 2d ago on Sep 29, 2026· 28m 52s· 2 players
Game mode
Random Map
Map size
Tiny (2 player)
Population
200
Speed
Normal
Resources
Standard
Victory
Conquest
Starting age
Dark Age
Ending age
Imperial Age
RankedLock teamsTeams togetherTeam positionsShared explorationLock speedFull tech treeHidden civsTurbo modeCheats
Victory
Defeat
🇺🇾 Chinese · Uruguay
582
+16
🇨🇦 Teutons · Canada
587
-16
Gandalf
10:20 Feudal Age
11:49 Double-Bit Axe
15:58 Castle Age
16:05 Loom
24:17 Fletching
Zen-Like
0:29 Loom
12:26 Feudal Age
12:51 Horse Collar
13:00 Double-Bit Axe
14:04 Stone Mining
17:44 Bloodlines
23:54 Castle Age
25:27 Bow Saw
26:18 Wheelbarrow
Connection lost

Rejoining the realm…

Still unreachable

The connection could not be restored.

Session expired

The server has moved on; the page needs a fresh start.